 Dungeon Crawl Stone Soup version 0.21.0-3-g78d12a8 (webtiles) character file.

1038 HungrySpirit the Cudgeler (level 8, 0/51 HPs)
             Began as a Gargoyle Monk on Jan 10, 2018.
             Was a Believer of Ru.
             Slain by a gnoll
             ... wielding a +0 spear
              (1 damage)
             ... on level 4 of the Dungeon.
             The game lasted 00:06:50 (2716 turns).

HungrySpirit the Cudgeler (Gargoyle Monk)           Turns: 2716, Time: 00:06:50

Health: 0/51       AC: 25    Str: 17    XL:     8   Next: 24%
Magic:  7/7        EV: 11    Int: 11    God:    Ru [**....]
Gold:   153        SH:  0    Dex: 12    Spells: 7/7 levels left

rFire    . . .     SeeInvis .   k - +2 mace (protect)
rCold    . . .     Gourm    .   (no shield)
rNeg     + . .     Faith    .   i - +0 ring mail
rPois    ∞         Spirit   .   (helmet restricted)
rElec    +         Reflect  .   h - +2 cloak
rCorr    .         Harm     .   (no gloves)
MR       .....                  e - +0 pair of boots
Stlth    +.........             (no amulet)
HPRegen  0.17/turn              (no ring)
MPRegen  0.10/turn              (no ring)

@: protection aura, berserk cooldown, slowed, very slow
A: horns 1, iridescent scales 1, low mp 1, negative energy resistance 1,
electricity resistance, wild magic 1, unbreathing, petrification resistance, rot
immunity, inability to use devices, AC +5
a: Renounce Religion


You were on level 4 of the Dungeon.
You worshipped Ru.
Ru was pleased with you.
You were hungry.

You visited 1 branch of the dungeon, and saw 5 of its levels.

You collected 153 gold pieces.

Inventory:

Hand Weapons
 k - a +2 mace of protection (weapon)
Armour
 e - a +0 pair of boots (worn)
 h - a +2 cloak (worn)
 i - a +0 ring mail (worn)
Scrolls
 f - 3 scrolls of identify
 g - a scroll of immolation {unknown}
 j - a scroll of magic mapping {unknown}
Potions
 b - a potion of berserk rage
 d - 2 potions of brilliance
Comestibles
 a - a chunk of flesh
 c - 5 rations


   Skills:
 + Level 6.0 Fighting
 * Level 7.3 Maces & Flails
 + Level 4.8 Armour
 - Level 2.4 Dodging
 - Level 2.1 Stealth


You had 7 spell levels left.
You didn't know any spells.

Dungeon Overview and Level Annotations

Branches:
Dungeon (5/15)
 Temple: D:4-7

Altars:
Kikubaaqudgha
Ru


Innate Abilities, Weirdness & Mutations

You are resistant to torment.
Your stone body is resilient. (AC +5)
You are immune to poison.
You resist negative energy. (rN+)
You are resistant to electric shocks. (rElec)
You can survive without breathing.
You are immune to petrification.
You are immune to rotting.
You cannot study or use magical devices.
You have a pair of small horns on your head.
You are partially covered in iridescent scales. (AC +2)
Your magical capacity is low. (-10% MP)
Your spells are a little harder to cast, but a little more powerful.


Message History

The adder barely misses you. The gnoll hits you but does no damage.
The gnoll misses you. The gnoll hits you but does no damage.
Unknown command.
Unknown command.
You sock the scorpion!
The scorpion is heavily wounded.
The adder misses you. The scorpion completely misses you.
The gnoll hits you with a spear.
* * * LOW HITPOINT WARNING * * *
The gnoll hits you but does no damage.
The adder is stunned by your will and fails to attack.
The gnoll is stunned by your will and fails to attack.
The scorpion barely misses you. The gnoll misses you. The adder bites you.
* * * LOW HITPOINT WARNING * * *
The gnoll hits you but does no damage.
You hit the scorpion. Your headbutt misses the scorpion.
The scorpion is severely wounded.
The gnoll hits you but does no damage. The adder completely misses you.
The scorpion misses you. The gnoll hits you with a spear.
You die...

#...g...... #......g... ####
########....g$.... #..<
...........g.....? #...
........#####..... #...
......>.#...#..... #...
.......))[..#..... #...
........#.gg##############...
........#..g@s...............
###.....#...S).).............
#...(.#....................
#.....#...##.....##.......(
#.....#...##.....##........
#.....#..(.#..)..#.........
#.....#....#.....#.........
.......#....#.....##...##...
........#....#.....##...#####


You could see a scorpion, 3 gnolls and an adder.

Vanquished Creatures
  Grinder (D:3)
  2 ogres
  A centaur (D:5)
  A scorpion (D:4)
  A howler monkey (D:5)
  Crazy Yiuf (D:2)
  A gnoll shaman (D:4)
  3 orc wizards
  An iguana (D:4)
  Natasha (thrice) (D:2)
  A worker ant (D:4)
  Robin (D:3)
  8 adders
  2 gnolls (D:4)
  An ooze (D:2)
  3 worms
  A leopard gecko (D:2)
  5 orcs
  2 ball pythons
  4 giant cockroaches
  19 goblins
  10 hobgoblins
  A quokka (D:1)
  8 bats
  A frilled lizard (D:1)
  6 kobolds
  6 rats
94 creatures vanquished.

Vanquished Creatures (others)
  An ogre (D:4)
1 creature vanquished.

Grand Total: 95 creatures vanquished

Notes
Turn   | Place    | Note
-------+----------+-------------------------------------------
     0 | D:1      | HungrySpirit the Gargoyle Monk began the quest for the Orb.
     0 | D:1      | Reached XP level 1. HP: 14/14 MP: 1/1
   145 | D:1      | Reached XP level 2. HP: 16/19 MP: 2/2
   410 | D:2      | Reached skill level 1 in Armour
   532 | D:1      | Reached XP level 3. HP: 15/24 MP: 3/3
   712 | D:2      | Reached skill level 4 in Maces & Flails
   714 | D:2      | Reached XP level 4. HP: 27/29 MP: 4/4
   724 | D:2      | Noticed Natasha
   755 | D:2      | Killed Natasha
  1006 | D:2      | Noticed Natasha
  1022 | D:2      | Killed Natasha
  1089 | D:2      | Noticed Natasha
  1109 | D:2      | Found a sacrificial altar of Ru.
  1118 | D:2      | Reached XP level 5. HP: 33/33 MP: 5/5
  1141 | D:2      | Became a worshipper of Ru the Awakened
  1156 | D:2      | Gained mutation: You cannot study or use magical devices. [Ru sacrifice]
  1156 | D:2      | Reached * piety under Ru
  1156 | D:2      | Reached ** piety under Ru
  1232 | D:2      | Killed Natasha
  1510 | D:2      | Found a runed door.
  1514 | D:2      | Noticed Crazy Yiuf
  1523 | D:2      | Killed Crazy Yiuf
  1523 | D:2      | Reached skill level 5 in Maces & Flails
  1523 | D:2      | Reached XP level 6. HP: 39/39 MP: 6/6
  1551 | D:3      | Noticed Grinder
  1767 | D:3      | Gained mutation: You have a pair of small horns on your head. [potion of mutation]
  1767 | D:3      | Gained mutation: Your spells are a little harder to cast, but a little more powerful. [potion of mutation]
  1767 | D:3      | Gained mutation: Your magical capacity is low. (-10% MP) [potion of mutation]
  1767 | D:3      | Gained mutation: You are partially covered in iridescent scales. (AC +2) [potion of mutation]
  1771 | D:3      | Killed Grinder
  1771 | D:3      | Reached skill level 5 in Fighting
  1771 | D:3      | Reached XP level 7. HP: 26/44 MP: 6/6
  1874 | D:3      | Noticed Robin
  1887 | D:3      | Killed Robin
  2193 | D:3      | Found an ancient bone altar of Kikubaaqudgha.
  2320 | D:3      | Found a faded altar of an unknown god.
  2373 | D:4      | Reached skill level 6 in Maces & Flails
  2525 | D:5      | Entered Level 5 of the Dungeon
  2532 | D:5      | Reached XP level 8. HP: 13/51 MP: 7/7
  2691 | D:5      | Reached skill level 7 in Maces & Flails
  2715 | D:4      | HP: 1/51 [adder (2)]
  2716 | D:4      | Slain by a gnoll

Skill      XL: |  1  2  3  4  5  6  7  8 |
---------------+-------------------------+-----
Armour         | 1 2 3 4 |  4.8
Maces & Flails | 4 5 6 7 |  7.3
Fighting       | 4 5 6 |  6.0
Dodging        | |  2.4
Stealth        | |  2.1

Action                   |  1- 3 |  4- 6 |  7- 9 || total
-------------------------+-------+-------+-------++-------
Melee: Mace              |   104 |   132 |   144 ||   380
       Headbutt          |       |       |    28 ||    28
Invok: Sacrifice Artific |       |     1 |       ||     1
  Use: Potion            |       |     5 |     2 ||     7
       Scroll            |       |       |     1 ||     1
 Stab: Sleeping          |     2 |     1 |       ||     3
       Paralysed         |       |     6 |       ||     6
  Eat: Chunk             |       |     2 |     4 ||     6
Armor: Robe              |    14 |       |       ||    14
       Ring mail         |    57 |    80 |    95 ||   232
       Skin              |       |     3 |       ||     3
Dodge: Dodged            |   105 |    96 |   126 ||   327
